 Dungeon Crawl Stone Soup version 0.27-a0-1456-gf5a116941d (webtiles) character file.

Game seed: 6335006556571780032

788 Froggeryz the Cutter (level 7, 0/35 HPs)
             Began as a Vine Stalker Berserker on July 6, 2021.
             Was a Priest of Trog.
             Slain by a killer bee (3 damage)
             ... on level 4 of the Dungeon.
             The game lasted 00:04:34 (3617 turns).

Froggeryz the Cutter (Vine Stalker Berserker)       Turns: 3617, Time: 00:04:34

Health: 0/35       AC:  3    Str: 21    XL:     7   Next: 87%
Magic:  0/8        EV: 12    Int:  7    God:    Trog [***...]
Gold:   136        SH:  0    Dex: 14    Spells: 6/6 levels left

rFire    + . .     SeeInvis +   a - +0 short sword
rCold    . . .     Faith    .   (no shield)
rNeg     . . .     Spirit   +   b - +0 animal skin
rPois    .         Reflect  .   (no helmet)
rElec    .         Harm     .   t - +0 cloak
rCorr    .         Rampage  .   (no gloves)
Will     .....                  (no boots)
Stlth    +++.......             (no amulet)
HPRegen  1.11/turn              o - ring of protection from fire
MPRegen  0.11/turn              n - ring of see invisible

@: on berserk cooldown, slowed, very slow
A: fangs 2, regeneration 1, magic shield, antimagic bite, no potion heal 2
a: Renounce Religion, Berserk, Trog's Hand


You were on level 4 of the Dungeon.
You worshipped Trog.
Trog was most pleased with you.
You visited 1 branch of the dungeon, and saw 5 of its levels.

You collected 175 gold pieces.
You spent 39 gold pieces at shops.

Inventory:

Hand Weapons
 a - a +0 short sword (weapon)
 A - a +0 rapier
Missiles
 g - 9 poisoned darts (quivered)
 r - a throwing net
 s - 2 javelins
Armour
 b - a +0 animal skin (worn)
 t - a +0 cloak (worn)
Jewellery
 i - a ring of resist corrosion
 n - a ring of see invisible (right hand)
 o - a ring of protection from fire (left hand)
 v - a ring of fire
Wands
 w - a wand of polymorph (8)
Scrolls
 c - 3 scrolls of teleportation {unknown}
 d - 3 scrolls of magic mapping {unknown}
 j - a scroll of noise {unknown}
 k - a scroll of holy word {unknown}
 l - 2 scrolls of vulnerability {unknown}
 u - 3 scrolls of identify {unknown}
 x - a scroll of fear {unknown}
 y - a scroll of enchant armour {unknown}
Potions
 e - a potion of degeneration {unknown}
 f - a potion of mutation {unknown}
 h - 2 potions of flight {unknown}
 m - a potion of lignification {unknown}
 q - a potion of brilliance {unknown}
 z - a potion of might {unknown}


   Skills:
 - Level 2.6 Fighting
 * Level 6.9 Short Blades
 - Level 1.5 Armour
 - Level 1.5 Dodging
 + Level 6.1 Stealth


You had 6 spell levels left.
You didn't know any spells.
Your spell library was empty.

Dungeon Overview and Level Annotations

Branches:
Dungeon (5/15)             Temple (0/1) D:5

Altars:
Dithmenos
Ru

Shops:
D:3 !

Annotations:
D:4 1 runed translucent door, WhatIsLove's ghost, weakling HOMo


Innate Abilities, Weirdness & Mutations

You have extremely sharp teeth.
Your natural rate of healing is unusually fast.
When hurt, damage is shared between your health and your magic reserves.
Your bite disrupts and absorbs the magic of your enemies.
Potions cannot restore your health.


Message History

The killer bee misses you. The killer bee stings you!
You are poisoned.
The killer bee poisons you! The killer bee stings you.
You closely miss the killer bee.
The killer bee is heavily wounded.
You feel sick. The killer bee stings you. The killer bee barely misses you.
You miss the killer bee.
The killer bee is heavily wounded.
You feel sick. The killer bee stings you.
* * * LOW HITPOINT WARNING * * *
You are more poisoned.
The killer bee poisons you!
The killer bee stings you but does no damage.
Aiming: Polymorph
Press: ? - help, Shift-Dir - straight line, f - killer bee
Aim: a killer bee (heavily wounded, will become a swamp drake, a steam dragon, or a sky beast, chance to affect: 54%)
Okay, then.
Unknown command.
Aiming: Polymorph
Press: ? - help, Shift-Dir - straight line, f - killer bee
Aim: a killer bee (heavily wounded, will become a swamp drake, a steam dragon, or a sky beast, chance to affect: 54%)
The killer bee resists with significant effort.
* * * LOW HITPOINT WARNING * * *
You feel very sick. The killer bee closely misses you.
The killer bee barely misses you. The killer bee stings you.
* * * LOW HITPOINT WARNING * * *
Okay, then.
Unknown command.
Your system rejects the healing.
You feel better. The killer bee closely misses you.
The killer bee stings you but does no damage.
The killer bee stings you.
* * * LOW HITPOINT WARNING * * *
Aiming: Polymorph
Press: ? - help, Shift-Dir - straight line, f/p - killer bee
Aim: a killer bee (heavily wounded, will become a swamp drake, a steam dragon, or a sky beast, chance to affect: 54%)
The killer bee resists with significant effort.
The killer bee stings you.
You die...

.#####......#....#
#............. .###
#.####...##.################
.#.###.# ##.##...## ....##.#
#)[[....# .#.###.# #.##..).#
.#.# #.#####.###.#.#
.#.###.......# #.#.###
######### ....##..####.#
#y#...# #........ ....##..#
#.# #@###.# #.#######
###.##..## #.# #.# #.#
#.######. #.##...# #.# #.#
#.# #........
#.##...###.###.# #.#
#.######. #..)....(......#
#.# #.# ####.
#####.####..#### #.# #.#
#..<. #######.####..# #.#
#.# #.##. ..............#
#)# #.# #.###
........#####.# #.#
#.###.###


You could see a killer bee.

Vanquished Creatures
  Eustachio (D:5)
  A necrophage (D:5)
  An ogre (D:4)
  2 scorpions
  A water moccasin zombie (D:5)
  A bullfrog skeleton (D:4)
  A gnoll shaman (D:4)
  A killer bee zombie (D:4)
  8 gnolls (D:4)
  7 adders
  2 worms
  A dart slug (D:2)
  An orc (D:3)
  7 ball pythons
  4 endoplasms
  6 giant cockroaches
  5 goblins
  9 hobgoblins
  13 jackals
  3 quokkas
  4 bats
  4 frilled lizards
  4 kobolds
  11 rats
98 creatures vanquished.

Notes
Turn   | Place    | Note
-------+----------+-------------------------------------------
     0 | D:1      | Froggeryz the Vine Stalker Berserker began the quest for
                  | the Orb.
     0 | D:1      | Reached XP level 1. HP: 11/11 MP: 2/2
   237 | D:1      | Reached skill level 1 in Stealth
   256 | D:1      | Reached XP level 2. HP: 16/16 MP: 3/3
   897 | D:1      | Reached XP level 3. HP: 19/19 MP: 2/4
  1225 | D:2      | Gained mutation: Your natural rate of healing is unusually
                  | fast. [Vine Stalker growth]
  1225 | D:2      | Reached XP level 4. HP: 23/23 MP: 5/5
  1409 | D:2      | Reached ** piety under Trog
  1901 | D:3      | Found a sacrificial altar of Ru.
  1901 | D:3      | Found a shadowy altar of Dithmenos.
  2027 | D:3      | Found Uraop's Distillery.
  2066 | D:3      | Bought a potion of curing for 39 gold pieces
  2299 | D:4      | Reached XP level 5. HP: 27/27 MP: 6/6
  2534 | D:4      | Reached *** piety under Trog
  2565 | D:4      | Reached skill level 5 in Short Blades
  2629 | D:4      | Reached XP level 6. HP: 27/32 MP: 7/7
  2714 | D:5      | Entered Level 5 of the Dungeon
  3126 | D:4      | Found a runed translucent door.
  3126 | D:4      | Noticed WhatIsLove's ghost (weakling HOMo)
  3203 | D:4      | Reached skill level 5 in Stealth
  3203 | D:4      | Reached XP level 7. HP: 30/35 MP: 6/8
  3394 | D:5      | Found a staircase to the Ecumenical Temple.
  3503 | D:5      | Noticed Eustachio
  3509 | D:5      | Killed Eustachio
  3616 | D:4      | HP: 1/35 [killer bee (3)]
  3617 | D:4      | Slain by a killer bee

Illustrated notes

Levels and vault maps discovered:
D:1:      onia_arrival_handbag, layout_loops_ring
D:2:      layout_basic, st_stairs_3
D:3:      minmay_bubble_buster, layout_rooms,
          gammafunk_temple_overflow_elements, serial_shops, nicolae_shop_crystal
D:4:      layout_loops_ring, gammafunk_ghost_grave
D:5:      layout_basic, nzn_overflow_gifts_of_might_and_magic,
          minmay_temple_entry_ruins, uniq_eustachio

Skill      XL: |  1  2  3  4  5  6  7 |
---------------+----------------------+-----
Short Blades   | 3 4 5 6 |  6.9
Stealth        | 1 2 3 4 5 6 |  6.1
Fighting       | |  2.6
Armour         | |  1.5
Dodging        | |  1.5

Action                   |  1- 3 |  4- 6 |  7- 9 || total
-------------------------+-------+-------+-------++-------
Melee: Short sword       |    85 |   195 |    36 ||   316
       Bite              |    19 |    68 |     8 ||    95
Throw: Dart              |       |     4 |       ||     4
Invok: Berserk           |     2 |     1 |     1 ||     4
Evoke: Wand              |       |       |     2 ||     2
  Use: Potion            |       |       |     1 ||     1
 Stab: Sleeping          |     3 |    11 |     3 ||    17
Armor: Animal skin       |    18 |    36 |     7 ||    61
Dodge: Dodged            |    51 |   140 |    19 ||   210

Table legend: (Time is in decaauts)
 A = Elapsed time spent in this place.
 B = Non-inter-level travel time spent in this place.
 C = Inter-level travel time spent in this place.
 D = Time resting spent in this place.
 E = Time spent auto-exploring this place.
 F = Levels seen in this place.
 G = Mean time per level.
                   A        B        C        D        E       F      G
               +--------+--------+--------+--------+--------+-----+--------+
         Total |   3610 |   3465 |    145 |    119 |   2599 |   5 |  722.0 |
       Dungeon |   3610 |   3465 |    145 |    119 |   2599 |   5 |  722.0 |
               +--------+--------+--------+--------+--------+-----+--------+

Top non-repeatable levels by time:
     D:4: 999 daAuts
     D:1: 993 daAuts
     D:2: 734 daAuts
     D:3: 552 daAuts
     D:5: 331 daAuts
